 Dungeon Crawl Stone Soup version 0.21-a0-95-g06f091e (webtiles) character file.

1428 tilp the Arsonist (level 8, -4/57 HPs)
             Began as a Hill Orc Fire Elementalist on July 3, 2017.
             Was a Follower of Okawaru.
             Shot with an arrow by a centaur (12 damage)
             ... on level 6 of the Dungeon on July 4, 2017.
             The game lasted 00:27:45 (7829 turns).

tilp the Arsonist (Hill Orc Fire Elementalist)      Turns: 7829, Time: 00:27:46

Health: -4/57      AC: 10    Str: 16    XL:     8   Next: 72%
Magic:  9/12       EV: 11    Int: 17    God:    Okawaru [*.....]
Gold:   262        SH:  3    Dex: 11    Spells: 2/13 levels left

rFire    + + .     SeeInvis .   r - staff of fire
rCold    . . .     Gourm    .   h - +0 buckler
rNeg     . . .     Faith    .   B - +2 robe {rF+}
rPois    .         Spirit   .   (no helmet)
rElec    .         Reflect  .   (no cloak)
rCorr    .         Harm     .   (no gloves)
MR       +....                  y - +0 pair of boots
Stlth    ++........             (no amulet)
HPRegen  0.19/turn              o - ring of protection from magic
MPRegen  0.13/turn              E - +5 ring of protection

@: mighty
A: no striking features
a: Heroism, Renounce Religion


You were on level 6 of the Dungeon.
You worshipped Okawaru.
Okawaru was aware of your devotion.
You were not hungry.

You visited 2 branches of the dungeon, and saw 7 of its levels.

You collected 262 gold pieces.

Inventory:

Hand Weapons
 e - a cursed -3 short sword
 f - a +0 short sword
 t - a +0 dagger
 v - a +0 war axe
 C - a +1 spear of venom
Missiles
 x - 9 tomahawks (quivered)
Armour
 h - a +0 buckler (worn)
 m - a +0 leather armour
 y - a +0 pair of boots (worn)
 B - a +2 robe of fire resistance (worn)
Magical Staves
 r - an uncursed staff of fire (weapon)
Jewellery
 o - a ring of protection from magic (left hand)
 E - a +5 ring of protection (right hand)
Wands
 l - a wand of confusion (33/48)
 w - a wand of confusion (33/48)
Scrolls
 a - a scroll of fear
 d - a scroll of blinking
 g - a scroll of teleportation {unknown}
 j - a scroll of magic mapping {unknown}
 k - a scroll of immolation
 n - a scroll of identify
 q - a scroll of amnesia {unknown}
 G - a scroll of fog {unknown}
 H - a scroll of remove curse
Potions
 s - 4 potions of flight
 u - a potion of might
 z - a potion of haste
 A - a potion of brilliance {unknown}
 D - a potion of mutation {unknown}
Books
 b - a book of Flames

   Spells                             Type                      Level
   a - Flame Tongue                   Conjuration/Fire             1
   b - Throw Flame                    Conjuration/Fire             2
   c - Conjure Flame                  Conjuration/Fire             3
   d - Inner Flame                    Hexes/Fire                   3
   e - Sticky Flame                   Conjuration/Fire             4
   f - Fireball                       Conjuration/Fire             5
 I - a book of Cantrips

   Spells                             Type                      Level
   a - Confusing Touch                Hexes                        1
   b - Animate Skeleton               Necromancy                   1
   c - Summon Small Mammal            Summoning                    1
   d - Apportation                    Translocation                1
Comestibles
 c - 7 bread rations
 i - 2 royal jellies
 p - 3 fruits


   Skills:
 - Level 1.5 Dodging
 - Level 1.5 Stealth
 - Level 3.0 Spellcasting
 + Level 6.3 Conjurations
 - Level 9.0 Fire Magic


You had 2 spell levels left.
You knew the following spells:

 Your Spells              Type           Power        Failure   Level  Hunger
a - Flame Tongue          Conj/Fire      #####        1%          1    None
b - Conjure Flame         Conj/Fire      #####...     3%          3    ###....
c - Sticky Flame          Conj/Fire      #####...     12%         4    ####...
d - Animate Skeleton      Necr           N/A          28%         1    None
e - Apportation           Tloc           #.....       28%         1    None
f - Summon Small Mammal   Summ           #...         28%         1    None


Dungeon Overview and Level Annotations

Branches:
Dungeon (6/15)             Temple (1/1) D:5

Altars:
Ashenzari
Dithmenos
Hepliaklqana
Kikubaaqudgha
Makhleb
Nemelex Xobeh
Okawaru
Ru
Sif Muna
Trog
Yredelemnul


Message History

Press: ? - help, Shift-Dir - straight line, f/p - centaur
Aim: a centaur, wielding a shortbow (lightly wounded)
You feel a surge of power!
The flame tongue hits the centaur.
The centaur is moderately wounded.
The centaur shoots an arrow.
The arrow hits you!
* * * LOW HITPOINT WARNING * * *
The centaur shoots an arrow.
The arrow hits you.
* * * LOW HITPOINT WARNING * * *
It was a potion of might.
You feel very mighty all of a sudden.
The centaur shoots an arrow.
The arrow hits you but does no damage.
Casting: Flame Tongue
Confirm with . or Enter, or press ? or * to list all spells.
Aiming: Flame Tongue
Press: ? - help, Shift-Dir - straight line, f/p - centaur
Aim: a centaur, wielding a shortbow (moderately wounded)
You feel a surge of power!
The flame tongue hits the centaur.
The centaur is moderately wounded.
The centaur shoots an arrow.
The arrow hits you!
You die...

.# #.# .. ## .# .
...#######.# #.#
#.......(.##...#
#......c........
######.#..####. #.#@.# #.
#.#..# #. #.#..# #.
####(#..# #.
##.##c#..####.########..
##...(......##...........
##.#.#.....#......#####.##
.#######.##.##.#>.#....<.#
#.##
.........................#
#...


You could see a centaur.

Vanquished Creatures
  The ghost of p0werm0de the Magician, an amateur DsSu of Gozag (D:6)
  Menkaure (D:5)
  An ice beast (D:5)
  A sky beast (D:5)
  An ogre (D:4)
  2 centaurs
  A necrophage (D:6)
  A bullfrog (D:6)
  A howler monkey (D:6)
  A bullfrog zombie (D:6)
  A jelly (D:5)
  2 hounds
  2 orc wizards
  Jessica (D:2)
  An iguana (D:6)
  5 worker ants
  9 adders
  3 gnolls (D:3)
  A howler monkey skeleton (D:4)
  A shadow imp (D:5)
  2 worms
  A dart slug (D:1)
  6 leopard geckos
  12 orcs
  2 ball pythons (D:1)
  6 giant cockroaches
  6 goblins
  7 hobgoblins
  8 jackals
  12 kobolds
  6 bats
  5 frilled lizards
  A jackal skeleton (D:4)
  A leopard gecko skeleton (D:5)
  7 rats
119 creatures vanquished.

Notes
Turn   | Place    | Note
-------+----------+-------------------------------------------
     0 | D:1      | tilp the Hill Orc Fire Elementalist began the quest for the Orb.
     0 | D:1      | Reached XP level 1. HP: 14/14 MP: 3/3
   185 | D:1      | Reached XP level 2. HP: 20/20 MP: 3/5
   427 | D:1      | Reached XP level 3. HP: 16/26 MP: 0/6
  1661 | D:1      | Learned a level 3 spell: Conjure Flame
  1688 | D:2      | Upgraded the game from 0.21-a0-94-gdd6ab6a to 0.21-a0-95-g06f091e
  2144 | D:2      | Reached XP level 4. HP: 33/33 MP: 4/8
  2209 | D:2      | Learned a level 4 spell: Sticky Flame
  2219 | D:2      | Noticed Jessica
  2228 | D:2      | Killed Jessica
  2323 | D:2      | Found a faded altar of an unknown god.
  3024 | D:3      | Reached XP level 5. HP: 38/38 MP: 1/9
  3724 | D:3      | Found a sparkling altar of Nemelex Xobeh.
  3915 | D:3      | Reached skill level 4 in Fire Magic
  4265 | D:4      | Noticed an ogre
  4604 | D:4      | Found a hazy altar of Hepliaklqana.
  4803 | D:4      | Noticed a centaur
  4874 | D:4      | Reached XP level 6. HP: 45/45 MP: 6/10
  5079 | D:5      | Entered Level 5 of the Dungeon
  5081 | D:5      | Reached skill level 5 in Conjurations
  5249 | D:5      | Noticed an ice beast
  5256 | D:5      | Killed an ice beast
  5256 | D:5      | Reached XP level 7. HP: 50/50 MP: 5/11
  5543 | D:5      | Reached skill level 5 in Fire Magic
  5922 | D:5      | Noticed Menkaure
  5928 | D:5      | Killed Menkaure
  5928 | D:5      | Reached skill level 6 in Fire Magic
  6189 | D:5      | Found a staircase to the Ecumenical Temple.
  6204 | Temple   | Entered the Ecumenical Temple
  6219 | Temple   | Became a worshipper of Warmaster Okawaru
  6634 | D:5      | Reached XP level 8. HP: 57/57 MP: 5/12
  6754 | D:4      | Reached skill level 7 in Fire Magic
  7329 | D:6      | Reached skill level 8 in Fire Magic
  7586 | D:6      | Noticed p0werm0de's ghost (amateur DsSu)
  7590 | D:6      | Killed p0werm0de's ghost
  7590 | D:6      | Reached * piety under Okawaru
  7590 | D:6      | Reached skill level 9 in Fire Magic
  7630 | D:6      | Learned a level 1 spell: Animate Skeleton
  7632 | D:6      | Learned a level 1 spell: Apportation
  7634 | D:6      | Learned a level 1 spell: Summon Small Mammal
  7829 | D:6      | Shot with an arrow by a centaur

Vault maps used:
D:1:      dpeg_arrival_long_road
D:2:      chequers_ecumenical_altar_simple_redux, minmay_tetromino_i4,
          uniq_jessica
D:3:      marbit_many_paths, minmay_misc_feat_plants
D:4:      kennysheep_mini, makhleb_blood_cavern_becter
D:5:      temple_green, first_bread, patterned_corridor, uniq_menkaure
D:6:      minmay_a_box_with_orc_wizards_in_it, uniq_grinder
Temple:   compressed_dpeg_triangle_lava_temple

Skill      XL: |  1  2  3  4  5  6  7  8 |
---------------+-------------------------+-----
Spellcasting   | 2 3 |  3.0
Conjurations   | 3 4 5 6 |  6.3
Fire Magic     | 4 6 9 |  9.0
Dodging        | |  1.5
Stealth        | |  1.5

Action                   |  1- 3 |  4- 6 |  7- 9 || total
-------------------------+-------+-------+-------++-------
Melee: Short sword       |    37 |       |       ||    37
       Staff             |    12 |    27 |     6 ||    45
Throw: Stone             |     4 |     2 |       ||     6
       Tomahawk          |       |    18 |     1 ||    19
 Cast: Flame Tongue      |    59 |    90 |    95 ||   244
       Conjure Flame     |       |     1 |       ||     1
       Sticky Flame      |       |       |     5 ||     5
  Use: Scroll            |       |     1 |     5 ||     6
       Potion            |       |     2 |     1 ||     3
  Eat: Chunk             |     4 |     5 |     4 ||    13
       Meat ration       |       |     1 |     1 ||     2
Armor: Robe              |     2 |    10 |    17 ||    29
       Leather armour    |    18 |    11 |       ||    29
Dodge: Dodged            |    46 |    46 |    46 ||   138
Block: Buckler           |       |     1 |    10 ||    11
